 Dungeon Crawl Stone Soup version 0.29.1-15-g9cfb28693d (webtiles) character file.

Game seed: 9288675138524660367

67 bnorton916 the Magician (level 3, -3/19 HPs)
             Began as a Deep Elf Fire Elementalist on Feb 27, 2023.
             Killed from afar by a white imp (8 damage)
             ... with a puff of frost
             ... summoned by Natasha
             ... on level 2 of the Dungeon.
             The game lasted 00:02:43 (2373 turns).

bnorton916 the Magician (DEFE)                      Turns: 2373, Time: 00:02:44

Health: -3/19      AC:  3    Str:  5    XL:     3   Next: 98%
Magic:  8/10       EV: 12    Int: 21    God:
Gold:   101        SH:  0    Dex: 15    Spells: 7/10 levels left

rFire   . . .      SeeInvis .   (no weapon)
rCold   . . .      Faith    .   (no shield)
rNeg    . . .      Spirit   .   a - +1 robe
rPois   .          Reflect  .   (no helmet)
rElec   .          Harm     .   (no cloak)
rCorr   .          Rampage  .   (no gloves)
Will    .....                   (no boots)
Stlth   ++........              (no amulet)
HPRegen 0.06/turn               (no ring)
MPRegen 0.12/turn               (no ring)

@: about to teleport
A: no striking features
a: no special abilities


You were on level 2 of the Dungeon.
You visited 1 branch of the dungeon, and saw 2 of its levels.

You collected 101 gold pieces.

Inventory:

Hand Weapons
 c - a +0 dagger of speed
 p - a +1 dagger of venom
Armour
 a - a +1 robe (worn)
Jewellery
 k - an amulet of faith
Scrolls
 f - a scroll of identify {unknown}
 i - 2 scrolls of magic mapping
 j - a scroll of noise
Potions
 b - a potion of magic
 h - a potion of might {unknown}
 m - 2 potions of flight {unknown}
 n - a potion of cancellation {unknown}
 o - a potion of invisibility {unknown}
 q - a potion of ambrosia {unknown}


   Skills:
 - Level 2.4 Dodging
 - Level 2.4 Stealth
 + Level 4.2 Spellcasting
 + Level 2.5 Conjurations
 + Level 4.1 Fire Magic


You had 7 spell levels left.
You knew the following spells:

 Your Spells              Type           Power      Damage    Failure   Level
a - Foxfire               Conj/Fire      72%        2x1d7     3%          1
b - Scorch                Fire           42%        2d7       3%          2

Your spell library contained the following spells:

 Spells                   Type           Power      Damage    Failure   Level
 Conjure Flame            Conj/Fire      18%        6-21      9%          3
 Inner Flame              Hex/Fire       13%        N/A       16%         3
 Flame Wave               Conj/Fire      18%        2d7       30%         4


Dungeon Overview and Level Annotations

Branches:
Dungeon (2/15)

Altars:
Nemelex Xobeh

Annotations:
D:2 Natasha, Terence


Message History

Terence is moderately wounded.
The foxfire hits Terence but does no damage.
Terence is moderately wounded.
The foxfire hits Terence but does no damage.
Terence is moderately wounded.
Terence closely misses you. Terence attacks as you move away!
Terence closely misses you.
Okay, then.
Unknown command.
Okay, then.
Unknown command.
As you read the scroll labelled XYERUE ZIWAZA, it crumbles to dust.
You feel aware of your surroundings.
It was a scroll of magic mapping.
Natasha mumbles some strange words.
You feel disoriented. Terence hits you with a +0 flail.
As you read the scroll labelled TUPPOJ KUEN, it crumbles to dust.
You hear a loud clanging noise!
It was a scroll of noise.
Terence hits you with a +0 flail.
* * * LOW HITPOINT WARNING * * *
As you read the scroll labelled QAITAW LITTO, it crumbles to dust.
You hear the tinkle of a tiny bell.
It was a scroll of butterflies.
Natasha closely misses you. Terence hits you but does no damage.
You swap places.
Natasha closely misses your butterfly. Terence screams, "I want your blood!"
Terence misses your butterfly. Terence misses your butterfly.
Terence barely misses your butterfly.
As you read the scroll labelled JACWUCZ LIUDO, it crumbles to dust.
It is a scroll of enchant armour.
Your +0 robe glows green for a moment.
Natasha misses your butterfly.
This is a scroll of acquirement!
Something appears at your feet!
Natasha mumbles some strange words.
Unknown command.
As you read the scroll labelled COZ GOEGEUKLY, it crumbles to dust.
You feel strangely unstable.
It was a scroll of teleportation.
Natasha mumbles some strange words.
The white imp gestures at you. The puff of frost hits you!
You die...

.............#.,,,,,,,,,,#####...
..............,,,,,,,,,,,+.......
............#****,,,,,,,,#######.
............## *,,,,,,,,* ##.
.#####.....b.#########**** #..
....##.......b.b.....##########..
....##.......b.@...........#.....
....##.....b..h5...........#.....
....##......bb..@..........#.....
....##......5..b.b.........#.....
#...#####...##...b..#......#.....
....#......[.#......#......#.....
....#...[....#......+......#.....
..###........#...####......#.....
..###........#...####......#.....
.............#...#.........#.....
......#..........#...........#...


You could see Terence (ally target), Natasha (ally target) and 2 white imps.

Vanquished Creatures
  2 adders (D:2)
  A dart slug (D:1)
  2 ball pythons (D:1)
  2 endoplasms (D:1)
  A giant cockroach (D:1)
  7 goblins
  6 hobgoblins
  3 jackals (D:1)
  7 bats
  4 frilled lizards
  6 kobolds
  3 rats (D:1)
44 creatures vanquished.

Vanquished Creatures (others)
  224 foxfires
224 creatures vanquished.

Grand Total: 268 creatures vanquished

Notes
Turn   | Place    | Note
-------+----------+-------------------------------------------
     0 | D:1      | bnorton916 the Deep Elf Fire Elementalist began the quest
                  | for the Orb.
     0 | D:1      | Reached XP level 1. HP: 10/10 MP: 6/6
   316 | D:1      | Reached XP level 2. HP: 15/15 MP: 4/8
   418 | D:1      | Learned a level 2 spell: Scorch
  1006 | D:1      | Reached XP level 3. HP: 19/19 MP: 8/10
  1440 | D:1      | Found a faded altar of an unknown god.
  1756 | D:2      | Found a sparkling altar of Nemelex Xobeh.
  1930 | D:2      | Identified the +11 plate armour of the Inviting Gods
                  | {Str+5}
  2354 | D:2      | Noticed Terence
  2359 | D:2      | Noticed Natasha
  2372 | D:2      | Identified a scroll of acquirement
  2372 | D:2      | Acquired the +1 pair of boots of Reuga {*Corrode rElec
                  | Int+5}
  2373 | D:2      | Killed from afar by a white imp

Illustrated notes

Levels and vault maps discovered:
D:1:      lightli_arrival_noodles, layout_basic,
          shapermc_ecumenical_altar_ellora
D:2:      layout_basic, basic_altar, minmay_split_cup_small, uniq_natasha,
          uniq_terence

Skill      XL: |  1  2  3 |
---------------+----------+-----
Conjurations   | 2 |  2.5
Spellcasting   | 4 |  4.2
Fire Magic     | 4 |  4.1
Dodging        | |  2.4
Stealth        | |  2.4

Action                   || total
-------------------------++-------
 Cast: Foxfire           ||   130
       Scorch            ||     3
  Use: Scroll            ||     6
Armor: Robe              ||     2
Dodge: Dodged            ||     7
